 Dungeon Crawl Stone Soup version 0.29.1-13-g9f3cf754e1 (webtiles) character file.

Game seed: 14484447493508565272

6802 zlionsfan the Blocker (level 11, -3/133 HPs)
             Began as a Gnoll Fighter on Jan 29, 2023.
             Was a Priest of Trog.
             Succumbed to a hornet's poison
             ... on level 9 of the Dungeon.
             The game lasted 00:25:56 (9190 turns).

zlionsfan the Blocker (Gnoll Fighter)               Turns: 9190, Time: 00:25:56

Health: -3/133     AC: 16    Str: 19    XL:     11   Next: 5%
Magic:  20/20      EV: 10    Int:  8    God:    Trog [***...]
Gold:   546        SH:  0    Dex: 12    Spells: 22/22 levels left

rFire   . . .      SeeInvis .   x - +8 quarterstaff
rCold   . . .      Faith    .   (shield currently unavailable)
rNeg    . . .      Spirit   .   i - +0 chain mail
rPois   .          Reflect  .   z - +1 hat
rElec   .          Harm     .   q - +1 cloak {Will+}
rCorr   .          Rampage  .   a - +0 pair of gloves
Will    ++...                   (no boots)
Stlth   ..........              (no amulet)
HPRegen 0.32/turn               g - ring of willpower
MPRegen 0.17/turn               (no ring)

@: berserking, lethally poisoned (-3 -> -37), slowed
A: fangs 1, strong nose, distributed training
a: Renounce Religion, Berserk, Trog's Hand


You were on level 9 of the Dungeon.
You worshipped Trog.
Trog was most pleased with you.
You visited 2 branches of the dungeon, and saw 10 of its levels.

You collected 546 gold pieces.

Inventory:

Hand Weapons
 x - a +8 quarterstaff (weapon)
Missiles
 p - 10 javelins (quivered)
 y - 2 throwing nets
Armour
 a - a +0 pair of gloves (worn)
 c - a +0 buckler
 i - a +0 chain mail (worn)
 q - a +1 cloak of willpower (worn)
 z - a +1 hat (worn)
Jewellery
 g - a ring of willpower (left hand)
 B - a ring of fire
Wands
 u - a wand of polymorph (8)
 v - a wand of paralysis (3)
Scrolls
 e - a scroll of fear {unknown}
 f - 3 scrolls of poison
 h - a scroll of enchant armour {unknown}
 l - a scroll of blinking
 m - a scroll of torment {unknown}
 o - 4 scrolls of teleportation
 s - a scroll of silence
 t - a scroll of vulnerability {unknown}
 w - a scroll of summoning {unknown}
Potions
 b - a potion of haste
 d - 2 potions of might
 j - a potion of attraction
 k - 2 potions of berserk rage
 n - 4 potions of flight
 r - 2 potions of mutation
 C - 2 potions of magic
Miscellaneous
 A - a lightning rod (4/4)


   Skills:
 + Level 9.0 Fighting
 + Level 6.1 Short Blades
 + Level 6.1 Long Blades
 + Level 7.7 Axes
 + Level 6.1 Maces & Flails
 + Level 6.1 Polearms
 + Level 6.1 Staves
 + Level 6.1 Ranged Weapons
 + Level 6.1 Throwing
 + Level 9.0 Armour
 + Level 6.1 Dodging
 + Level 6.1 Stealth
 + Level 9.0 Shields
 + Level 6.1 Unarmed Combat
 + Level 6.1 Spellcasting
 + Level 5.0 Conjurations
 + Level 5.0 Hexes
 + Level 5.0 Summonings
 + Level 5.0 Necromancy
 + Level 5.0 Translocations
 + Level 5.0 Transmutations
 + Level 5.0 Fire Magic
 + Level 5.0 Ice Magic
 + Level 5.0 Air Magic
 + Level 5.0 Earth Magic
 + Level 5.0 Poison Magic
 + Level 6.7 Invocations
 + Level 6.1 Evocations


You had 22 spell levels left.
You didn't know any spells.
Your spell library contained the following spells:

 Spells                   Type           Power      Damage    Failure   Level
 Beastly Appendage        Tmut           20%        N/A       24%         1
 Wereblood                Tmut           10%        N/A       36%         2
 Spider Form              Tmut/Pois      10%        N/A       58%         3


Dungeon Overview and Level Annotations

Branches:
Dungeon (9/15)             Temple (1/1) D:4
   Lair: D:8-11         Orc: D:9-12

Altars:
Ashenzari
Cheibriados
Dithmenos
Elyvilon
Fedhas
Hepliaklqana
Kikubaaqudgha
Makhleb
Nemelex Xobeh
Okawaru
Qazlal
Ru
Sif Muna
Trog
Uskayaw
Vehumet
Wu Jian
Xom
Yredelemnul
Zin

Annotations:
D:6 1 runed translucent door, person50605's ghost, novice TrMo


Innate Abilities, Weirdness & Mutations

You have very sharp teeth.
Your uncanny sense of smell can sniff out nearby items.
Your experience applies equally to all skills.


Message History

You feel very sick. The hornet stings you.
You are more poisoned.
You feel as though you will be slow longer.
The hornet stings you.
You are more poisoned.
You feel as though you will be slow longer.
You feel extremely sick. The hornet stings you!
* * * LOW HITPOINT WARNING * * *
You are more poisoned.
You feel as though you will be slow longer.
You can move again.
A red film seems to cover your vision as you go berserk!
You feel yourself moving faster!
You feel mighty!
* * * LOW HITPOINT WARNING * * *
You feel extremely sick.
The hornet stings you but does no damage.
The hornet stings you.
* * * LOW HITPOINT WARNING * * *
You are more poisoned.
You feel as though you will be slow longer.
The hornet stings you but does no damage.
You hit the hornet.
The hornet is lightly wounded.
* * * LOW HITPOINT WARNING * * *
You feel extremely sick. The hornet closely misses you.
You hit the hornet. Your bite misses the hornet.
The hornet is moderately wounded.
* * * LOW HITPOINT WARNING * * *
You feel very sick. The hornet stings you.
* * * LOW HITPOINT WARNING * * *
You are more poisoned.
You feel as though you will be slow longer.
The hornet completely misses you.
You miss the hornet.
The hornet is moderately wounded.
You die...

#..# #.# .... ...#
#..###.#..... #..#
#......#..... #..#
#.........._. #..#
#####..#.....
#..########.# ...
#...........# ∆.
#y#########.####.#
#@# #....... #.#
###.#### #.# #.#
#.# #.# #.# #.#
#.###########.####
#..........##.....
##########.#######
#.#######


You could see a hornet.

Vanquished Creatures
  Gastronok (D:9)
  A two-headed ogre (D:9)
  Pikel (D:7)
  Maurice (D:8)
  Sigmund (D:6)
  6 yaks (D:9)
  2 steam dragons (D:8)
  A wyvern (D:7)
  An acid dragon (D:9)
  Duvessa (D:7)
  A water moccasin (D:7)
  2 sky beasts
  2 orc warriors
  An ogre (D:6)
  A black bear (D:5)
  A phantom (D:5)
  A centaur (D:7)
  A lemure (D:6)
  A kobold brigand (D:8)
  4 bullfrogs
  5 scorpions
  3 necrophages (D:7)
  Dowan (D:7)
  3 killer bees (D:8)
  2 howler monkeys
  A jelly (D:6)
  2 gnoll boudas
  5 orc priests
  2 hounds
  3 iguanas
  7 orc wizards
  Robin (D:2)
  19 gnolls
  6 adders
  A shadow imp (D:6)
  3 white imps
  An ufetubus (D:5)
  3 worms
  A dart slug (D:3)
  28 orcs
  7 endoplasms
  4 giant cockroaches
  17 goblins
  8 hobgoblins
  A jackal (D:2)
  3 quokkas
  7 ball pythons
  8 bats
  5 frilled lizards
  10 kobolds
  5 rats
  A butterfly (D:4)
204 creatures vanquished.

Vanquished Creatures (others)
  52 fungi (D:4)
52 creatures vanquished.

Grand Total: 256 creatures vanquished

Notes
Turn   | Place    | Note
-------+----------+-------------------------------------------
     0 | D:1      | zlionsfan the Gnoll Fighter began the quest for the Orb.
     0 | D:1      | Reached XP level 1. HP: 23/23 MP: 1/1
    83 | D:1      | Reached XP level 2. HP: 29/29 MP: 2/2
   327 | D:1      | Reached XP level 3. HP: 28/35 MP: 3/3
   935 | D:2      | Reached skill level 1 in Invocations
  1191 | D:2      | Noticed Robin
  1213 | D:2      | Reached skill level 1 in Short Blades
  1213 | D:2      | Reached skill level 1 in Long Blades
  1213 | D:2      | Reached skill level 1 in Maces & Flails
  1213 | D:2      | Reached skill level 1 in Polearms
  1213 | D:2      | Reached skill level 1 in Staves
  1213 | D:2      | Reached skill level 1 in Ranged Weapons
  1213 | D:2      | Reached skill level 1 in Throwing
  1213 | D:2      | Reached skill level 1 in Dodging
  1213 | D:2      | Reached skill level 1 in Stealth
  1213 | D:2      | Reached skill level 1 in Unarmed Combat
  1213 | D:2      | Reached skill level 1 in Spellcasting
  1213 | D:2      | Reached skill level 1 in Evocations
  1347 | D:2      | Killed Robin
  1348 | D:2      | Reached XP level 4. HP: 36/41 MP: 5/5
  1660 | D:2      | Reached skill level 1 in Conjurations
  1660 | D:2      | Reached skill level 1 in Hexes
  1660 | D:2      | Reached skill level 1 in Summonings
  1660 | D:2      | Reached skill level 1 in Necromancy
  1660 | D:2      | Reached skill level 1 in Translocations
  1660 | D:2      | Reached skill level 1 in Transmutations
  1660 | D:2      | Reached skill level 1 in Fire Magic
  1660 | D:2      | Reached skill level 1 in Ice Magic
  1660 | D:2      | Reached skill level 1 in Air Magic
  1660 | D:2      | Reached skill level 1 in Earth Magic
  1660 | D:2      | Reached skill level 1 in Poison Magic
  2224 | D:3      | Reached XP level 5. HP: 46/47 MP: 5/7
  2775 | D:3      | Found a faded altar of an unknown god.
  2963 | D:4      | Noticed a sky beast
  3034 | D:4      | Found a bloodstained altar of Trog.
  3056 | D:4      | Became a worshipper of Trog the Wrathful
  3070 | D:4      | Found a shimmering altar of Xom.
  3474 | D:4      | Killed a sky beast
  3475 | D:4      | Reached skill level 5 in Axes
  3475 | D:4      | Reached XP level 6. HP: 50/53 MP: 7/9
  3572 | D:4      | Reached * piety under Trog
  3919 | D:4      | Found a staircase to the Ecumenical Temple.
  3932 | Temple   | Entered the Ecumenical Temple
  4071 | D:5      | Entered Level 5 of the Dungeon
  4106 | D:5      | Noticed a black bear
  4107 | D:5      | Found a radiant altar of Vehumet.
  4115 | D:5      | Reached XP level 7. HP: 60/60 MP: 10/10
  4627 | D:5      | Reached XP level 8. HP: 40/67 MP: 12/12
  5072 | D:6      | Noticed Sigmund
  5131 | D:6      | Found a shadowy altar of Dithmenos.
  5639 | D:6      | Killed Sigmund
  5679 | D:6      | Found a broken altar of Ashenzari.
  6137 | D:6      | Found a runed translucent door.
  6141 | D:6      | Noticed person50605's ghost (novice TrMo)
  6244 | D:7      | Noticed Pikel
  6379 | D:7      | Reached XP level 9. HP: 72/73 MP: 14/14
  6526 | D:7      | Reached ** piety under Trog
  6566 | D:7      | Noticed Duvessa
  6690 | D:7      | Found a sparkling altar of Nemelex Xobeh.
  6701 | D:7      | Noticed Dowan
  6715 | D:7      | Killed Duvessa
  6722 | D:7      | Killed Dowan
  6990 | D:7      | Killed Pikel
  6991 | D:7      | Reached skill level 5 in Invocations
  7290 | D:8      | Noticed Maurice
  7403 | D:8      | Reached skill level 5 in Short Blades
  7403 | D:8      | Reached skill level 5 in Long Blades
  7403 | D:8      | Reached skill level 5 in Maces & Flails
  7403 | D:8      | Reached skill level 5 in Polearms
  7403 | D:8      | Reached skill level 5 in Staves
  7403 | D:8      | Reached skill level 5 in Ranged Weapons
  7403 | D:8      | Reached skill level 5 in Throwing
  7403 | D:8      | Reached skill level 5 in Dodging
  7403 | D:8      | Reached skill level 5 in Stealth
  7403 | D:8      | Reached skill level 5 in Unarmed Combat
  7403 | D:8      | Reached skill level 5 in Spellcasting
  7403 | D:8      | Reached skill level 5 in Evocations
  7403 | D:8      | Reached XP level 10. HP: 31/81 MP: 17/17
  7864 | D:8      | Reached *** piety under Trog
  7956 | D:8      | Killed Maurice
  8659 | D:9      | Noticed a two-headed ogre
  8666 | D:9      | Killed a two-headed ogre
  8721 | D:9      | Noticed Gastronok
  8755 | D:9      | Killed Gastronok
  8944 | D:9      | Reached skill level 5 in Conjurations
  8944 | D:9      | Reached skill level 5 in Hexes
  8944 | D:9      | Reached skill level 5 in Summonings
  8944 | D:9      | Reached skill level 5 in Necromancy
  8944 | D:9      | Reached skill level 5 in Translocations
  8944 | D:9      | Reached skill level 5 in Transmutations
  8944 | D:9      | Reached skill level 5 in Fire Magic
  8944 | D:9      | Reached skill level 5 in Ice Magic
  8944 | D:9      | Reached skill level 5 in Air Magic
  8944 | D:9      | Reached skill level 5 in Earth Magic
  8944 | D:9      | Reached skill level 5 in Poison Magic
  8944 | D:9      | Reached XP level 11. HP: 74/89 MP: 18/20
  9108 | D:9      | Found a burning altar of Makhleb.
  9184 | D:9      | Paralysed by a hornet for 3 turns
  9189 | D:9      | HP: 5/133 [hornet (2)]
  9190 | D:9      | Succumbed to a hornet's poison

Illustrated notes

Levels and vault maps discovered:
D:1:      elethiomel_arrival_quiet, layout_loops_ring,
          hangedman_abyss_or_decor_lesser_grid
D:2:      layout_basic, st_stairs_10, minmay_tiny_reverse_x, uniq_robin
D:3:      layout_basic, shapermc_ecumenical_altar_notcrosses,
          kennysheep_generic_room_14
D:4:      layout_rooms, mainiacjoe_overflow_catch_the_wave,
          minmay_temple_entry_butterflies
D:5:      layout_basic, kennysheep_little_box
D:6:      layout_rooms, mainiacjoe_overflow_brackets,
          nicolae_dithmenos_through_a_glass_darkly, ebering_ghost_sewer_d,
          minmay_misc_feat_ornament, minmay_circle_x, uniq_sigmund
D:7:      layout_loops_ring, mainiacjoe_overflow_24_doors, uniq_duvessa,
          uniq_pikel
D:8:      layout_cave_pods, uniq_maurice
D:9:      layout_loops_ring, old_standard_altar, lemuel_tele_altar,
          nicolae_diode_basic, uniq_erolcha, uniq_gastronok
Temple:   nicolae_temple_ecumenical_triangle

Skill      XL: |  1  2  3  4  5  6  7  8  9 10 |
---------------+-------------------------------+-----
Invocations    | 1 2 3 4 5 6 |  6.7
Short Blades   | 1 2 3 5 6 |  6.1
Long Blades    | 1 2 3 5 6 |  6.1
Maces & Flails | 1 2 3 5 6 |  6.1
Polearms       | 1 2 3 5 6 |  6.1
Staves         | 1 2 3 5 6 |  6.1
Ranged Weapons | 1 2 3 5 6 |  6.1
Throwing       | 1 2 3 5 6 |  6.1
Dodging        | 1 2 3 5 6 |  6.1
Stealth        | 1 2 3 5 6 |  6.1
Unarmed Combat | 1 2 3 5 6 |  6.1
Spellcasting   | 1 2 3 5 6 |  6.1
Evocations     | 1 2 3 5 6 |  6.1
Conjurations   | 1 2 3 4 5 |  5.0
Hexes          | 1 2 3 4 5 |  5.0
Summonings     | 1 2 3 4 5 |  5.0
Necromancy     | 1 2 3 4 5 |  5.0
Translocations | 1 2 3 4 5 |  5.0
Transmutations | 1 2 3 4 5 |  5.0
Fire Magic     | 1 2 3 4 5 |  5.0
Ice Magic      | 1 2 3 4 5 |  5.0
Air Magic      | 1 2 3 4 5 |  5.0
Earth Magic    | 1 2 3 4 5 |  5.0
Poison Magic   | 1 2 3 4 5 |  5.0
Axes           | 5 6 7 |  7.7
Fighting       | 7 8 9 |  9.0
Armour         | 7 8 9 |  9.0
Shields        | 7 8 9 |  9.0

Action                   |  1- 3 |  4- 6 |  7- 9 | 10-12 || total
-------------------------+-------+-------+-------+-------++-------
Melee: War axe           |    43 |       |       |       ||    43
       Bite              |    10 |    32 |    38 |    14 ||    94
       Dagger            |    61 |   211 |       |       ||   272
       Spear             |       |    17 |       |       ||    17
       Quarterstaff      |       |     3 |   250 |   127 ||   380
Throw: Javelin           |       |       |       |     5 ||     5
       Throwing net      |       |       |       |     1 ||     1
Invok: Berserk           |       |     1 |     5 |     2 ||     8
Evoke: Wand              |       |     5 |     1 |     1 ||     7
  Use: Scroll            |       |     7 |     7 |     3 ||    17
       Potion            |       |     1 |     3 |     1 ||     5
 Stab: Paralysed         |       |     9 |     3 |     3 ||    15
Armor: Scale mail        |    43 |       |       |       ||    43
       Chain mail        |    21 |   101 |   145 |    63 ||   330
Dodge: Dodged            |    51 |    75 |    91 |    49 ||   266
Block: Buckler           |    36 |    53 |       |       ||    89
